 Dungeon Sprint DCSS version 0.21.1-1-g345015f (webtiles) character file.

25 Kidiri the Magician (level 2, -3/15 HPs)
             Began as a Deep Elf Fire Elementalist on May 22, 2018.
             Slain by a wolf (9 damage)
             ... in the Dungeon (Sprint III: "The Ten Rune Challenge").
             The game lasted 00:01:10 (266 turns).

Kidiri the Magician (Deep Elf Fire Elementalist)     Turns: 266, Time: 00:01:11

Health: -3/15      AC:  3    Str:  5    XL:     2   Next: 82%
Magic:  5/11       EV: 12    Int: 19    God:
Gold:   0          SH:  0    Dex: 15    Spells: 10/13 levels left

rFire    . . .     SeeInvis .   (no weapon)
rCold    . . .     Gourm    .   (no shield)
rNeg     . . .     Faith    .   k - +0 leather armour
rPois    .         Spirit   .   (no helmet)
rElec    .         Reflect  .   (no cloak)
rCorr    .         Harm     .   (no gloves)
MR       .....     NoTele   +   (no boots)
Stlth    ++........             (no amulet)
HPRegen  0.05/turn              (no ring)
MPRegen  0.12/turn              (no ring)

@: very slightly contaminated
A: no striking features
a: no special abilities


You were in the Dungeon.
You were not hungry.

You visited 1 branch

Inventory:

Armour
 a - a +0 robe
 k - a +0 leather armour (worn)
Scrolls
 i - a scroll of blinking
Potions
 e - a potion of heal wounds
 f - a potion of haste
 g - 2 potions of magic
 h - a potion of berserk rage
Books
 b - a book of Flames

   Spells                             Type                      Level
   a - Flame Tongue                   Conjuration/Fire             1
   b - Throw Flame                    Conjuration/Fire             2
   c - Conjure Flame                  Conjuration/Fire             3
   d - Inner Flame                    Hexes/Fire                   3
   e - Sticky Flame                   Conjuration/Fire             4
   f - Fireball                       Conjuration/Fire             5
Comestibles
 c - a ration
 j - 4 chunks of flesh


   Skills:
 - Level 2.4 Dodging
 - Level 2.4 Stealth
 * Level 6.1 Spellcasting
 + Level 3.1 Conjurations
 + Level 4.5 Fire Magic


You had 10 spell levels left.
You knew the following spells:

 Your Spells              Type           Power        Failure   Level  Hunger
a - Flame Tongue          Conj/Fire      ###..        3%          1    None
b - Throw Flame           Conj/Fire      ###...       6%          2    None


Dungeon Overview and Level Annotations

Branches:
Dungeon (1/1)

Altars:


Message History

Aim: a wolf The flame tongue hits the wolf.
The wolf is heavily wounded.
The wolf bites you. The wolf misses you.
Casting: Flame Tongue
Confirm with . or Enter, or press ? or * to list all spells.
Aiming: Flame Tongue
Press: ? - help, Shift-Dir - straight line, f/p - wolf
Aim: a wolf (heavily wounded)
The flame tongue hits the wolf.
The wolf is heavily wounded.
The wolf bites you. The wolf barely misses you.
Casting: Flame Tongue
Confirm with . or Enter, or press ? or * to list all spells.
Aiming: Flame Tongue
Press: ? - help, Shift-Dir - straight line, f/p - wolf
Aim: a wolf (heavily wounded)
You miscast Flame Tongue.
Nothing appears to happen.
The wolf bites you!
Ouch! That really hurt!
You die...

▓..##.......# .#
▓##.##.##...# .#
##.##.###..# ..#
▓#.####.##..# ...+
▓.###..##..##
#...# ▓#.....##..#
#....#
###..##..÷##.....#
##..##....#h.....#
#..###..##@#.....#
#..# #..#####....#
▓▓▓▓ ▓▓▓▓ ▓▓▓▓▓


You could see a wolf.

Vanquished Creatures
  A human (D)
  An ooze (D)
  3 rats (D)
5 creatures vanquished.

Vanquished Creatures (others)
  2 draconian scorchers (D)
  5 hellions (D)
  2 yaktaurs (D)
  A plant (D)
10 creatures vanquished.

Grand Total: 15 creatures vanquished

Notes
Turn   | Place    | Note
-------+----------+-------------------------------------------
     0 | D        | Kidiri the Deep Elf Fire Elementalist began the quest for the Orb.
     0 | D        | Reached XP level 1. HP: 10/10 MP: 6/6
    20 | D        | Reached skill level 4 in Spellcasting
    78 | D        | Killed a hellion
   100 | D        | Killed a hellion
   101 | D        | Killed a hellion
   138 | D        | Killed a yaktaur
   156 | D        | Killed a yaktaur
   165 | D        | Reached skill level 6 in Spellcasting
   165 | D        | Reached XP level 2. HP: 10/15 MP: 2/11
   169 | D        | Learned a level 2 spell: Throw Flame
   182 | D        | Killed a white draconian scorcher
   193 | D        | Killed a hellion
   239 | D        | Killed a hellion
   246 | D        | Killed a white draconian scorcher
   266 | D        | Slain by a wolf

Skill      XL: |  1 |
---------------+----+-----
Spellcasting   | 6 |  6.1
Conjurations   | 3 |  3.1
Fire Magic     | 4 |  4.5
Dodging        | |  2.4
Stealth        | |  2.4

Action                   || total
-------------------------++-------
 Cast: Flame Tongue      ||    15
  Use: Potion            ||     1
Armor: Leather armour    ||     2
Dodge: Dodged            ||     5
